 Dungeon Crawl Stone Soup version 0.26-a0-259-g1effd001a9 (webtiles) character file.

Game seed: 17302541015313800121

3551 drasked the Basher (level 10, -1/84 HPs)
             Began as an Ogre Arcane Marksman on July 27, 2020.
             Was a Priest of Okawaru.
             Slain by a hippogriff (6 damage)
             ... on level 8 of the Dungeon.
             The game lasted 00:47:17 (19640 turns).

drasked the Basher (Ogre Arcane Marksman)          Turns: 19640, Time: 00:47:18

Health: -1/84      AC:  3    Str: 25    XL:     10   Next: 9%
Magic:  11/11      EV: 10    Int: 14    God:    Okawaru [***...]
Gold:   315        SH:  0    Dex:  9    Spells: 7/11 levels left

rFire    . . .     SeeInvis .   j - +1 giant spiked club
rCold    . . .     Faith    .   (shield currently unavailable)
rNeg     + . .     Spirit   .   a - +0 robe
rPois    .         Reflect  .   (helmet restricted)
rElec    .         Harm     .   (no cloak)
rCorr    .                      (gloves unavailable)
MR       +....                  (boots unavailable)
Stlth    +.........             (no amulet)
HPRegen  0.24/turn              N - ring of positive energy {rN+rN+}
MPRegen  0.12/turn              l - +6 ring of strength

@: no status effects
A: large, unfitting armour, tough skin 1
a: Heroism, Renounce Religion


You were on level 8 of the Dungeon.
You worshipped Okawaru.
Okawaru was most pleased with you.
You were not hungry.

You visited 2 branches of the dungeon, and saw 10 of its levels.

You collected 457 gold pieces.
You spent 142 gold pieces at shops.

Inventory:

Hand Weapons
 j - a +1 giant spiked club (weapon)
   (You took it off an ogre on level 3 of the Dungeon)
 C - a +1 flail of holy wrath
   (You took it off an orc on level 7 of the Dungeon)
Missiles
 c - 3 large rocks {!d!d}
 n - 4 javelins
 x - 40 poisoned darts (quivered)
 y - 4 silver javelins
 B - 10 boomerangs
 I - a throwing net {=f, !d=f}
 Q - 239 stones
Armour
 a - a +0 robe (worn)
Jewellery
 l - a +6 ring of strength (right hand)
   (You took it off an orc on level 6 of the Dungeon)
 F - an uncursed ring of magical power {MP+9MP+9}
   (You took it off a gnoll on level 8 of the Dungeon)
 N - a ring of positive energy (left hand) {rN+rN+}
   (You found it on level 1 of the Dungeon)
Wands
 o - a wand of flame (15)
   (You found it on level 8 of the Dungeon)
 p - a wand of acid (10)
   (You found it on level 2 of the Dungeon)
 D - a wand of digging (6)
   (You found it on level 3 of the Dungeon)
Scrolls
 f - 4 scrolls of amnesia
 g - 2 scrolls of fear
 k - a scroll of blinking {unknown}
 r - 2 scrolls of fog
 s - a scroll of immolation {!r!r}
 t - 5 scrolls of teleportation
 u - 3 scrolls of magic mapping {!r!r}
 v - 3 scrolls of enchant weapon
 w - 9 scrolls of remove curse
 A - a scroll of silence
 H - a scroll of enchant armour
Potions
 b - 2 potions of lignification {!q!q}
 d - 2 potions of might
 h - a potion of haste
 m - 2 potions of flight
 q - 3 potions of curing
 z - a potion of stabbing
 G - a potion of brilliance {unknown}
Comestibles
 e - 9 rations


   Skills:
 - Level 1.3 Fighting
 + Level 10.7 Maces & Flails
 - Level 8.0 Throwing
 - Level 1.7 Dodging
 - Level 1.2 Spellcasting
 - Level 2.6 Hexes


You had 7 spell levels left.
You knew the following spells:

 Your Spells              Type           Power        Failure   Level
a - Portal Projectile     Hex/Tloc       #.....       41%         3
v - Corona                Hex            #......      9%          1

Your spell library contained the following spells:

 Spells                   Type           Power        Failure   Level
 Slow                     Hex            #.......     13%         2
 Animate Skeleton         Necr           #.....       26%         1
 Pain                     Necr           #...         26%         1
 Inner Flame              Hex/Fire       #.......     41%         3
 Vampiric Draining        Necr           #.........   61%         3
 Cause Fear               Hex            #.........   65%         4
 Leda's Liquefaction      Hex/Erth       #.........   83%         4
 Animate Dead             Necr           #.........   95%         4
 Agony                    Necr           #.......     100%        5


Dungeon Overview and Level Annotations

Branches:
Dungeon (9/15)             Temple (1/1) D:5
   Lair: D:8-11         Orc: D:9-12

Altars:
Ashenzari
Cheibriados
Dithmenos
Elyvilon
Fedhas
Gozag
Hepliaklqana
Kikubaaqudgha
Makhleb
Nemelex Xobeh
Okawaru
Qazlal
Ru
Sif Muna
Trog
Uskayaw
Vehumet
Wu Jian
Yredelemnul
Zin
The Shining One

Shops:
D:8 ?

Annotations:
D:4 3 runed translucent doors, vogonpoet's ghost, amateur DrTm
D:5 3 runed translucent doors, 2 transporters, pulvazza's ghost, novice DsGl
D:8 1 runed translucent door, adozu's ghost, novice DrAE


Innate Abilities, Weirdness & Mutations

You are too large for most types of armour.
You have tough skin. (AC +1)


Message History

The orc looks as sick as possible!
You closely miss the orc. The orc closely misses you.
You barely miss the orc.
You kill the orc!
Things that are here:
a cursed +0 hand axe; an orc corpse The orc shouts!
You see here a poisoned dart.
You see here a poisoned dart.
Throwing (i - inventory. (/) - cycle)
x - 40 poisoned darts (quivered)
Aim: an orc, wielding a +0 mace You throw a poisoned dart.
The poisoned dart hits the orc!
The orc is poisoned.
Throwing (i - inventory. (/) - cycle)
x - 39 poisoned darts (quivered)
Aim: an orc, wielding a +0 mace (very poisoned)
You throw a poisoned dart.
The poisoned dart closely misses the orc.
Throwing (i - inventory. (/) - cycle)
x - 38 poisoned darts (quivered)
Aim: an orc, wielding a +0 mace (very poisoned)
You throw a poisoned dart. The poisoned dart hits the orc!
The orc looks as sick as possible!
You see here a poisoned dart.
You kill the orc!
Things that are here:
a cursed +0 hand axe; an orc corpse Throwing (i - inventory. (/) - cycle)
x - 37 poisoned darts (quivered)
Aim: an orc, wielding a +0 whip You throw a poisoned dart.
The poisoned dart closely misses the orc.
Throwing (i - inventory. (/) - cycle)
x - 36 poisoned darts (quivered)
Aim: an orc, wielding a +0 whip You throw a poisoned dart.
The poisoned dart hits the orc!
The orc is poisoned.
Throwing (i - inventory. (/) - cycle)
x - 35 poisoned darts (quivered)
Aim: an orc, wielding a +0 whip (very poisoned)
You throw a poisoned dart.
The poisoned dart closely misses the orc.
Throwing (i - inventory. (/) - cycle)
x - 34 poisoned darts (quivered)
Aim: an orc, wielding a +0 whip (lightly wounded, very poisoned)
You throw a poisoned dart.
The poisoned dart barely misses the orc.
You closely miss the orc. The orc hits you with a +0 whip.
You barely miss the orc. The orc hits you with a +0 whip.
You barely miss the orc. The orc barely misses you.
You impale the orc!!
You kill the orc!
Items here: )) †† a +0 whip; a cursed +0 hand axe; an orc corpse x2
You start resting.
x - 34 poisoned darts (gained 1)
x - 35 poisoned darts (gained 1)
x - 38 poisoned darts (gained 3)
Things that are here:
a +0 mace; an orc corpse
x - 39 poisoned darts (gained 1)
x - 40 poisoned darts (gained 1)
x - 41 poisoned darts (gained 1)
x - 42 poisoned darts (gained 1)
You see here a +0 club.
Partly explored, can't reach some items.
Partly explored, can't reach some items.
Partly explored, can't reach some items.
Partly explored, can't reach some items.
Things that are here:
a +0 leather armour; a +0 whip The hippogriff is too close now for your liking.
Throwing (i - inventory. (/) - cycle)
x - 42 poisoned darts (quivered)
Aim: a hippogriff (wandering, hasn't noticed you)
You throw a poisoned dart. The poisoned dart hits the hippogriff.
The hippogriff is poisoned.
Throwing (i - inventory. (/) - cycle)
x - 41 poisoned darts (quivered)
Aim: a hippogriff (poisoned)
You throw a poisoned dart. The poisoned dart hits the hippogriff.
The hippogriff looks even sicker.
You bludgeon the hippogriff!! The hippogriff closely misses you.
The hippogriff pecks you. The hippogriff claws you.
You hit the hippogriff. The hippogriff bites you! The hippogriff pecks you.
The hippogriff claws you.
You completely miss the hippogriff. The hippogriff bites you!
The hippogriff pecks you. The hippogriff claws you.
* * * LOW HITPOINT WARNING * * *
You are too injured to fight recklessly!
You are too injured to fight recklessly!
You are too injured to fight recklessly!
You barely miss the hippogriff. The hippogriff bites you.
* * * LOW HITPOINT WARNING * * *
The hippogriff pecks you.
* * * LOW HITPOINT WARNING * * *
The hippogriff claws you!
* * * LOW HITPOINT WARNING * * *
The hippogriff bites you!
* * * LOW HITPOINT WARNING * * *
The hippogriff pecks you.
* * * LOW HITPOINT WARNING * * *
The hippogriff claws you but does no damage.
You barely miss the hippogriff. The hippogriff bites you!
* * * LOW HITPOINT WARNING * * *
The hippogriff closely misses you. x2
You barely miss the hippogriff. The hippogriff bites you!
* * * LOW HITPOINT WARNING * * *
The hippogriff pecks you.
You die...

###..># #.#######..#.>#...[.....
#...#.# #.......................
#.###.# #########.###.......)..)
..###.# #.#####.........
.###..### ###...##..)#####..
###.....# #.[.#....#<.# #..)
##.....## #.#####..##.#####.
#.......## #.#####...#.#.(.#.
#........######@##....#...#.≈.#.
##......#.....#)H##.########.≈.#.
...####..####...(...#### #.≈.#.
.### ##.........(.....#####W≈.##
...#####..).....######.....##+###
>#.<.............#..............#
.#######†..........######........
.#######...........### #.#####.#
....##.....#'#.......####.#####..


You could see a hippogriff (poisoned).

Levels and vault maps discovered:
D:1:      mrwooster_arrival_arrow, layout_rooms
D:2:      layout_basic, tgw_trog
D:3:      layout_basic, nicolae_overflow_hidden_temple,
          nicolae_dithmenos_through_a_glass_darkly,
          nicolae_qazlal_eye_of_the_storm, demons_altar,
          makhleb_altar_promises_db
D:4:      layout_loops_ring, first_ration, gammafunk_ghost_split,
          minmay_splitting_lines, grunt_decor_resistance,
          minmay_misc_feat_enclosed, fountainhead, grunt_decor_one_mirror,
          uniq_menkaure
D:5:      layout_loops_corners, slow_altar_1, gammafunk_temple_of_torment,
          minmay_temple_entry_gardened_gates, gammafunk_ghost_nasty_kobolds,
          grunt_decor_cap, st_stairs_8
D:6:      layout_cave_pools, elyvilon_altar_5
D:7:      layout_gridville, led_sif_pool, kennysheep_big_empty_room
D:8:      layout_rooms, kennysheep_little_box, lemuel_doored_altar,
          serial_shops, kennysheep_mini_moat, ebering_ghost_reflecting_pool,
          the_bakery, fungi_pond_lemuel
D:9:      layout_cave_pools, overflow_temple_1_default, basic_altar
Temple:   compressed_dpeg_triangle_lava_temple

Notes
Turn   | Place    | Note
-------+----------+-------------------------------------------
     0 | D:1      | drasked the Ogre Arcane Marksman began the quest for the
                  | Orb.
     0 | D:1      | Reached XP level 1. HP: 19/19 MP: 2/2
     5 | D:1      | Identified a +0 dagger
   104 | D:1      | Identified a +0 club
   247 | D:1      | Reached XP level 2. HP: 24/27 MP: 0/3
   319 | D:1      | Identified a +0 dagger
   548 | D:1      | Identified a +0 club
   611 | D:1      | Identified a +0 club
   618 | D:1      | Identified a +0 club
   652 | D:1      | Identified a +0 short sword
   795 | D:1      | Identified a +0 club
   802 | D:1      | Reached skill level 1 in Maces & Flails
   822 | D:1      | Identified a +2 dagger of draining
   951 | D:1      | Reached skill level 3 in Throwing
   951 | D:1      | Reached XP level 3. HP: 27/33 MP: 4/4
  1127 | D:1      | Identified a +0 club
  1431 | D:1      | Identified a ring of positive energy (You found it on level
                  | 1 of the Dungeon)
  1546 | D:2      | Identified a +0 dagger
  1605 | D:2      | Identified a +0 dagger
  1751 | D:2      | HP: 2/33 [worm (7)]
  2090 | D:2      | Identified a +0 dagger
  2090 | D:2      | Identified a +0 hunting sling
  2333 | D:2      | Identified a +0 club
  2333 | D:2      | Identified a +0 whip
  2437 | D:2      | Noticed a moth of wrath
  2440 | D:2      | Found a bloodstained altar of Trog.
  2473 | D:2      | HP: 6/33 [worm (8)]
  2832 | D:2      | HP: 5/33 [worm (4)]
  2848 | D:2      | HP: 5/33 [frilled lizard (1)]
  3226 | D:2      | Reached XP level 4. HP: 29/41 MP: 5/5
  3371 | D:2      | Learned a level 3 spell: Portal Projectile
  3845 | D:2      | Reached skill level 2 in Maces & Flails
  4178 | D:2      | Identified a ring of stealth (You found it on level 2 of
                  | the Dungeon)
  4199 | D:3      | Identified a +0 dagger
  4438 | D:3      | Identified a +0 club
  4629 | D:3      | HP: 10/41 [poisoned by an adder]
  4634 | D:3      | HP: 8/41 [poisoned by an adder]
  4639 | D:3      | HP: 6/41 [poisoned by an adder]
  4646 | D:3      | HP: 5/41 [poisoned by an adder]
  4654 | D:3      | HP: 4/41 [poisoned by an adder]
  5007 | D:3      | Found a burning altar of Makhleb.
  5248 | D:3      | Found a burning altar of Makhleb.
  5248 | D:3      | Noticed a cacodemon
  5251 | D:3      | Noticed a neqoxec
  5251 | D:3      | Noticed a smoke demon
  5337 | D:3      | Found a stormy altar of Qazlal.
  5684 | D:2      | Reached skill level 4 in Throwing
  5684 | D:2      | Reached XP level 5. HP: 25/48 MP: 6/6
  6045 | D:3      | HP: 9/48 [iron imp (5)]
  6046 | D:3      | Reached skill level 3 in Maces & Flails
  6289 | D:3      | Found a shadowy altar of Dithmenos.
  6360 | D:3      | Found an iron altar of Okawaru.
  6597 | D:4      | Identified a +0 short sword
  6597 | D:4      | Identified a +0 scale mail
  6709 | D:4      | Noticed a phantom
  6806 | D:3      | HP: 8/48 [worker ant (5)]
  6807 | D:3      | Identified 2 potions of heal wounds
  6811 | D:3      | Reached XP level 6. HP: 32/55 MP: 7/7
  7081 | D:4      | Identified a +0 spear
  7081 | D:4      | Identified a +2 flail of draining
  7082 | D:4      | Identified a +0 flail
  7171 | D:3      | Identified a +0 flail (You found it on level 3 of the
                  | Dungeon)
  7252 | D:4      | Noticed vogonpoet's ghost (amateur DrTm)
  7258 | D:4      | Noticed Menkaure
  7301 | D:4      | Identified a +0 club
  7301 | D:4      | Identified a +0 leather armour
  7583 | D:4      | Identified a +0 flail
  7631 | D:3      | HP: 12/55 [gnoll shaman/+0 club (5)]
  7946 | D:4      | HP: 13/55 [gnoll/+0 flail (8)]
  7958 | D:3      | Reached skill level 5 in Throwing
  9001 | D:4      | Noticed a phantom
  9059 | D:3      | Became a worshipper of Warmaster Okawaru
  9080 | D:4      | Found a runed translucent gate.
  9080 | D:4      | Found a runed translucent gate.
  9080 | D:4      | Found a runed translucent gate.
  9091 | D:4      | Identified a +0 giant spiked club
  9275 | D:3      | Reached skill level 4 in Maces & Flails
  9385 | D:4      | Identified a +0 club
  9406 | D:4      | Killed Menkaure
  9406 | D:4      | Reached XP level 7. HP: 62/62 MP: 8/8
  9599 | D:4      | HP: 12/62 [iguana (12)]
  9900 | D:4      | Reached * piety under Okawaru
  9900 | D:4      | Reached skill level 6 in Throwing
 10006 | D:4      | Identified a cursed -2 falchion
 10006 | D:4      | Identified a +0 dagger
 10006 | D:4      | Identified a +0 robe
 10006 | D:4      | Identified a +0 short sword
 10164 | D:4      | Identified a +0 dagger
 10164 | D:4      | Identified a +0 robe
 10164 | D:4      | Identified a +0 dagger
 10164 | D:4      | Identified a +0 robe
 10175 | D:4      | Reached skill level 5 in Maces & Flails
 10538 | D:4      | Identified 4 scrolls of remove curse
 10539 | D:4      | Identified 3 scrolls of identify
 10539 | D:4      | Identified 4 potions of curing
 10540 | D:4      | Identified 3 scrolls of amnesia
 10541 | D:4      | Identified 2 scrolls of enchant weapon
 10542 | D:4      | Identified 3 scrolls of teleportation
 10543 | D:4      | Identified 2 scrolls of magic mapping
 11039 | D:5      | Entered Level 5 of the Dungeon
 11106 | D:5      | Found a runed translucent gate.
 11106 | D:5      | Found a runed translucent gate.
 11107 | D:5      | Found a runed translucent gate.
 11107 | D:5      | Identified a +0 dagger
 11107 | D:5      | Identified a +0 dagger of distortion
 11108 | D:5      | Identified a +2 dagger of distortion
 11108 | D:5      | Identified a +4 short sword of draining
 11109 | D:5      | Identified a +0 dagger
 11110 | D:5      | Noticed pulvazza's ghost (novice DsGl)
 11110 | D:5      | Identified a +0 whip
 11110 | D:5      | Identified a +0 whip
 11413 | D:5      | Found a staircase to the Ecumenical Temple.
 11420 | Temple   | Entered the Ecumenical Temple
 11842 | D:5      | Found a snail-covered altar of Cheibriados.
 11869 | D:5      | Reached XP level 8. HP: 50/70 MP: 9/9
 12020 | D:5      | HP: 16/70 [something (3)]
 12022 | D:5      | HP: 7/70 [sky beast (3)]
 12022 | D:5      | HP: 2/70 [sky beast (5)]
 12316 | D:5      | Reached skill level 7 in Throwing
 12514 | D:5      | Found an ancient bone altar of Kikubaaqudgha.
 12516 | D:5      | Noticed a wraith
 12520 | D:5      | Noticed a vampire
 12521 | D:5      | Found a transporter.
 12523 | D:5      | Found a transporter.
 12675 | D:5      | Reached skill level 6 in Maces & Flails
 12944 | D:5      | Found a basalt altar of Yredelemnul.
 12972 | D:5      | Identified a +0 vampiric short sword
 13251 | D:6      | Reached ** piety under Okawaru
 13268 | D:6      | Identified a +0 dagger
 13268 | D:6      | Identified a +0 robe
 13269 | D:6      | Identified a +0 hand axe
 13269 | D:6      | Identified a +0 leather armour
 13290 | D:6      | Identified a +0 dagger
 13290 | D:6      | Identified a +0 ring mail
 13332 | D:6      | Identified a +0 mace
 13332 | D:6      | Identified a +0 leather armour
 13339 | D:6      | Identified a +0 falchion
 13339 | D:6      | Identified a +0 leather armour
 13339 | D:6      | Identified a +0 club
 13339 | D:6      | Identified a +0 scale mail
 13340 | D:6      | Identified a +0 ring mail
 13492 | D:6      | Identified a +0 halberd
 13498 | D:6      | Identified a +0 flail
 13500 | D:6      | Identified a +0 club
 13509 | D:6      | Reached skill level 8 in Throwing
 13597 | D:6      | Identified a +0 club
 13695 | D:6      | Identified a +0 trident
 13695 | D:6      | Identified a +0 plate armour
 13696 | D:6      | Identified a +0 flail
 13696 | D:6      | Identified a +0 leather armour
 13696 | D:6      | Identified a +6 ring of strength
 13702 | D:6      | Reached skill level 7 in Maces & Flails
 13702 | D:6      | Reached XP level 9. HP: 68/76 MP: 10/10
 13702 | D:6      | Identified a +0 dagger
 13702 | D:6      | Identified a +0 robe
 13716 | D:6      | Identified a +0 club
 13854 | D:6      | Found a white marble altar of Elyvilon.
 14140 | D:6      | Identified 3 scrolls of fear
 14141 | D:6      | Identified 2 scrolls of immolation
 14175 | D:6      | Identified 2 potions of flight
 14176 | D:6      | Identified 2 potions of lignification
 14177 | D:6      | Identified a potion of haste
 14178 | D:6      | Identified a potion of stabbing
 14242 | D:7      | Identified a +0 whip
 14242 | D:7      | Identified a cursed +0 leather armour
 14244 | D:7      | Identified a +1 dagger of venom
 14244 | D:7      | Identified a +0 robe
 14244 | D:7      | Identified a +0 trident
 14244 | D:7      | Identified a +0 ring mail
 14244 | D:7      | Identified a +0 hand axe
 14278 | D:7      | Identified a +0 vampiric dagger
 14278 | D:7      | Identified a +0 robe
 14494 | D:7      | Identified a +0 dire flail
 14494 | D:7      | Identified a +0 chain mail
 14494 | D:7      | Identified a cursed -3 short sword
 14497 | D:7      | Identified a +2 dagger of freezing
 14497 | D:7      | Identified a +0 robe
 14530 | D:7      | Reached skill level 8 in Maces & Flails
 14581 | D:7      | Identified a +0 flail
 14643 | D:7      | HP: 19/76 [sky beast (6)]
 15242 | D:7      | Identified a +0 dagger
 15242 | D:7      | Identified a +0 whip
 15245 | D:7      | Identified a +0 short sword
 15499 | D:7      | Reached *** piety under Okawaru
 15538 | D:7      | Identified a +0 short sword
 15538 | D:7      | Identified a +0 leather armour
 15539 | D:7      | Identified a cursed -3 short sword
 15551 | D:7      | Identified a +1 dagger of flaming
 15551 | D:7      | Identified a +0 robe
 15565 | D:7      | Identified a +0 hand axe
 15747 | D:7      | Noticed a hornet
 15755 | D:7      | Killed a hornet
 15755 | D:7      | Reached skill level 9 in Maces & Flails
 15853 | D:7      | Identified a +0 hand axe
 15856 | D:7      | Identified a +1 flail of holy wrath
 15869 | D:7      | Identified a +0 dagger
 15973 | D:7      | Found a shimmering blue altar of Sif Muna.
 16130 | D:7      | Identified 2 scrolls of random uselessness
 16132 | D:7      | Identified a scroll of silence
 16134 | D:8      | Identified a +0 dagger
 16134 | D:8      | Identified a +0 robe
 16134 | D:8      | Identified a +0 falchion
 16134 | D:8      | Identified a +1 whip of venom
 16134 | D:8      | Identified a +0 leather armour
 16386 | D:8      | Identified a +2 trident of protection
 16386 | D:8      | Identified a +0 ring mail
 16408 | D:8      | Identified a +0 spear
 16416 | D:8      | Identified a +0 whip
 16416 | D:8      | Identified an uncursed ring of magical power
 16818 | D:8      | Identified a +0 shortbow
 17057 | D:8      | Identified a +0 dagger
 17057 | D:8      | Identified a +0 robe
 17071 | D:8      | HP: 18/74 [spriggan baker/+0 dagger (7)]
 17073 | D:8      | HP: 8/74 [spriggan baker/+0 dagger (11)]
 17394 | D:8      | Identified a +0 broad axe
 17394 | D:8      | Identified a +0 robe
 17394 | D:8      | Identified a +0 whip
 17394 | D:8      | Identified a +0 leather armour
 17394 | D:8      | Identified a cursed -1 whip
 17394 | D:8      | Identified a +0 ring mail
 17395 | D:8      | Identified a +0 hand axe
 17395 | D:8      | Identified a +0 chain mail
 17403 | D:8      | Identified a +0 giant club
 17403 | D:8      | Identified a +0 giant club
 17403 | D:8      | Noticed a two-headed ogre
 17633 | D:8      | Identified a +0 dagger
 17633 | D:8      | Identified a +0 robe
 17635 | D:8      | Identified a +0 club
 17693 | D:8      | Reached skill level 10 in Maces & Flails
 18099 | D:8      | Identified a cursed -1 club
 18111 | D:8      | Found Coumufum's Magic Scroll Emporium.
 18126 | D:8      | Bought a scroll of fog for 30 gold pieces
 18126 | D:8      | Bought a scroll of enchant armour for 112 gold pieces
 18334 | D:8      | Noticed adozu's ghost (novice DrAE)
 18341 | D:8      | Found a runed translucent door.
 18352 | D:8      | Identified a +0 whip
 18352 | D:8      | Identified a +0 leather armour
 18352 | D:8      | Identified a +0 club
 18352 | D:8      | Identified a +0 dagger
 18352 | D:8      | Identified a +0 robe
 18362 | D:8      | Identified a +0 dagger
 18362 | D:8      | Identified a +0 leather armour
 18372 | D:8      | Reached XP level 10. HP: 64/82 MP: 11/11
 18440 | D:8      | Identified a +0 dagger
 18440 | D:8      | Identified a +0 robe
 18440 | D:8      | Identified an uncursed ring of see invisible
 18615 | D:8      | Found a hide-covered altar of Uskayaw.
 18688 | D:8      | Found a sparkling altar of Nemelex Xobeh.
 18808 | D:9      | Identified a cursed +0 hand axe
 18808 | D:9      | Identified a +0 club
 18808 | D:9      | Identified a +0 dagger
 18808 | D:9      | Identified a +0 robe
 18808 | D:9      | Identified a cursed -3 short sword
 18810 | D:9      | Identified a +0 mace
 18812 | D:9      | Identified a +0 short sword
 18812 | D:9      | Identified a +0 plate armour
 18812 | D:9      | Identified a +0 whip
 18834 | D:8      | HP: 17/82 [something/magic dart (9)]
 18836 | D:8      | HP: 7/82 [something (7)]
 18841 | D:8      | HP: 16/84 [something/magic dart (3)]
 18843 | D:8      | HP: 6/84 [something/puff of flame (11)]
 19224 | D:8      | Identified 2 potions of might
 19225 | D:8      | Identified a potion of degeneration
 19252 | D:7      | HP: 21/84 [orc/cursed -3 short sword (3)]
 19639 | D:8      | HP: 14/84 [hippogriff (11)]
 19640 | D:8      | HP: 5/84 [hippogriff (9)]
 19640 | D:8      | Slain by a hippogriff

Table legend:
 A = Turns spent in this place as a percentage of turns spent in the entire game.
 B = Non-inter-level travel turns spent in this place as a percentage of non-inter-level travel turns spent in the entire game.
 C = Inter-level travel turns spent in this place as a percentage of turns spent in this place.
 D = Turns resting spent in this place as a percentage of non-inter-level travel turns spent in this place.
 E = Turns spent auto-exploring this place as a percentage of non-inter-level travel turns spent in this place.
 F = Non-inter-level travel turns spent in this place divided by the number of levels of this place that you've seen.
                   A       B       C       D       E      F
               +-------+-------+-------+-------+-------+----------------------
         Total | 100.0 | 100.0 |   4.1 |  51.9 |  25.9 | 1884.3
       Dungeon |  98.5 |  98.5 |   4.0 |  52.7 |  24.8 | 2063.2
        Temple |   1.5 |   1.5 |   6.5 |   0.0 |  99.3 | 274.0
               +-------+-------+-------+-------+-------+----------------------

Table legend:
 A = Kills in this place as a percentage of kills in entire the game.
 B = Kills by you in this place as a percentage of kills by you in the entire game.
 C = Kills by friends in this place as a percentage of kills by friends in the entire game.
 D = Other kills in this place as a percentage of other kills in the entire game.
 E = Experience gained in this place as a percentage of experience gained in the entire game.
 F = Experience gained in this place divided by the number of levels of this place that you have seen.
                   A       B       C       D       E      F
               +-------+-------+-------+-------+-------+----------------------
         Total | 100.0 | 100.0 |   N/A |   N/A | 100.0 | 507.4
       Dungeon | 100.0 | 100.0 |   N/A |   N/A | 100.0 | 563.8
               +-------+-------+-------+-------+-------+----------------------

Skill      XL: |  1  2  3  4  5  6  7  8  9 |
---------------+----------------------------+-----
Maces & Flails | 1 2 3 4 5 7 10 | 10.7
Throwing       | 3 4 5 6 8 |  8.0
Fighting       | |  1.3
Dodging        | |  1.7
Spellcasting   | |  1.2
Hexes          | |  2.6

Action                   |  1- 3 |  4- 6 |  7- 9 | 10-12 || total
-------------------------+-------+-------+-------+-------++-------
Melee: Unarmed           |    19 |       |       |       ||    19
       Club              |   176 |   134 |       |       ||   310
       Flail             |       |    50 |       |       ||    50
       Giant spiked club |       |     1 |   312 |    56 ||   369
Throw: Large rock        |     2 |    17 |     7 |       ||    26
       Stone             |   119 |   141 |    73 |       ||   333
       Throwing net      |       |     2 |       |       ||     2
       Javelin           |       |     4 |       |       ||     4
       Dart              |       |       |   325 |    30 ||   355
       Boomerang         |       |       |     3 |       ||     3
 Cast: Corona            |    31 |       |     3 |     1 ||    35
  Use: Potion            |       |     1 |     1 |     2 ||     4
       Scroll            |       |       |    14 |     2 ||    16
 Stab: Sleeping          |       |     3 |     2 |       ||     5
  Eat: Ration            |     2 |     6 |     8 |     1 ||    17
Armor: Robe              |    58 |    20 |    65 |     8 ||   151
Dodge: Dodged            |    99 |   102 |   188 |    40 ||   429

Vanquished Creatures
  A hornet (D:7)
  A spriggan (D:8)
  Menkaure (D:4)
  2 ice beasts (D:5)
  3 sky beasts
  3 orc warriors
  A phantom (D:4)
  An ogre (D:3)
  A centaur (D:8)
  A necrophage (D:8)
  A big kobold (D:7)
  3 bullfrogs
  A gnoll sergeant (D:8)
  3 howler monkeys
  4 iron imps
  3 bullfrog skeletons
  3 jellies
  15 orc wizards
  A gnoll shaman (D:3)
  3 orc priests
  5 hounds
  4 worker ants
  4 iguanas
  A hound skeleton (D:6)
  A worker ant zombie (D:6)
  7 adders
  11 gnolls
  A howler monkey skeleton (D:6)
  A shadow imp (D:5)
  3 white imps
  An ufetubus (D:8)
  An adder zombie (D:8)
  2 adder skeletons
  4 worms (D:2)
  3 dart slugs
  3 leopard geckos
  36 orcs
  6 giant cockroaches
  9 goblins
  8 hobgoblins
  4 jackals (D:7)
  10 kobolds
  3 quokkas
  6 bats
  3 frilled lizards
  10 rats
199 creatures vanquished.

Vanquished Creatures (others)
  10 fungi
  2 plants (D:5)
12 creatures vanquished.

Grand Total: 211 creatures vanquished
